 Dungeon Crawl Stone Soup version 0.27.1-1-g398f81649c (webtiles) character file.

Game seed: 11613543974414813847

45 nxtlvl the Poker (level 3, -2/31 HPs)
             Began as a Minotaur Abyssal Knight on Sept 14, 2021.
             Was a Follower of Lugonu.
             Slain by Natasha (8 damage)
             ... on level 2 of the Dungeon.
             The game lasted 00:03:21 (300 turns).

nxtlvl the Poker (Minotaur Abyssal Knight)           Turns: 300, Time: 00:03:21

Health: -2/31      AC:  0    Str: 17    XL:     3   Next: 42%
Magic:  3/3        EV: 13    Int:  9    God:    Lugonu [*.....]
Gold:   31         SH:  0    Dex:  9    Spells: 2/2 levels left

rFire    . . .     SeeInvis .   (weapon currently unavailable)
rCold    . . .     Faith    .   (shield currently unavailable)
rNeg     . . .     Spirit   .   (armour currently unavailable)
rPois    .         Reflect  .   (helmet currently unavailable)
rElec    .         Harm     .   (cloak currently unavailable)
rCorr    .         Rampage  .   (gloves currently unavailable)
Will     .....                  (boots currently unavailable)
Stlth    +.........             (no amulet)
HPRegen  0.10/turn              (ring currently unavailable)
MPRegen  0.08/turn              (ring currently unavailable)

@: pig-form, very quick
A: fast, no casting, small, (horns 2), (retaliatory headbutt)
a: Renounce Religion, Depart the Abyss


You were on level 2 of the Dungeon.
You worshipped Lugonu.
Lugonu was aware of your devotion.
You were a filthy swine.
You visited 1 branch of the dungeon, and saw 3 of its levels.
You visited the Abyss 1 time.

You collected 31 gold pieces.

Inventory:

Hand Weapons
 a - a +1 spear (melded)
Missiles
 f - 28 bolts
 g - 26 arrows
 i - 21 sling bullets
Armour
 b - a +0 leather armour (melded)
 h - a +0 buckler (melded)
Scrolls
 d - a scroll of teleportation {unknown}
 e - a scroll of magic mapping {unknown}
Potions
 c - a potion of lignification {unknown}


   Skills:
 - Level 3.6 Fighting
 * Level 4.7 Polearms
 - Level 2.4 Armour
 - Level 1.1 Dodging
 - Level 1.7 Invocations


You had 2 spell levels left.
You didn't know any spells.
Your spell library was empty.

Dungeon Overview and Level Annotations

Branches:
Dungeon (3/15)

Altars:

Annotations:
D:2 Natasha


Innate Abilities, Weirdness & Mutations

You are a filthy swine.
You move quickly.
Your equipment is almost entirely melded.
You are incapable of wielding weapons or throwing items.
You cannot cast spells.
((You have a pair of horns on your head.))
((You reflexively headbutt those who attack you in melee.))


Message History

You kill the bat!
Lugonu accepts your kill.
Reach: a) +1 spear
Press: ? - help, Dir - move target, f - endoplasm
Aim: an endoplasm (about 14% to evade your +1 spear)
You reach to attack!
You barely miss the endoplasm. You hit the endoplasm.
The endoplasm is severely wounded.
You block the endoplasm's attack.
You hit the endoplasm.
You kill the endoplasm!
Lugonu accepts your kill.
You climb downwards.
There is a stone staircase leading up here.
Natasha, Servant of Life and Death comes into view.
She is carrying a wand of polymorph (8).
Natasha hisses angrily.
Reach: a) +1 spear
Press: ? - help, Dir - move target, f - Natasha
Aim: Natasha, carrying a wand of polymorph (8) (about 45% to evade your +1 spear)
You reach to attack!
You hit Natasha.
Natasha is lightly wounded.
You barely miss Natasha. Your headbutt misses Natasha.
Natasha is lightly wounded.
Natasha misses you.
You hit Natasha.
Natasha is heavily wounded.
Natasha zaps a wand.
You turn into a filthy swine.
Your +1 spear melds into your body.
Your +0 buckler melds into your body.
Your +0 leather armour melds into your body.
You closely miss Natasha.
Natasha is heavily wounded.
Natasha claws you!
You hit Natasha but do no damage.
Natasha is heavily wounded.
Natasha claws you.
* * * LOW HITPOINT WARNING * * *
You closely miss Natasha.
Natasha is heavily wounded.
Natasha claws you!
You die...

##..[.## ##.....#
##..#..# #.......
....#..### #.......
.###......#######.......
>.
......................#
. ##.....#######.......
#.....# #<......
#....#h#.# #.......
#...####h..# ##.....#
..h ###.# ##...## . #.#
##### #.# #.# .#


You could see Natasha.

Vanquished Creatures
  Natasha (D:2)
  An adder (D:2)
  4 bats
  2 endoplasms
  A goblin (D:2)
  A hobgoblin (D:2)
  A quokka (D:2)
  2 rats (D:2)
13 creatures vanquished.

Notes
Turn   | Place    | Note
-------+----------+-------------------------------------------
     0 | Abyss:1  | nxtlvl the Minotaur Abyssal Knight began the quest for the
                  | Orb.
     0 | Abyss:1  | Reached XP level 1. HP: 19/19 MP: 1/1
     3 | D:1      | Escaped the Abyss
    32 | D:2      | Reached skill level 3 in Polearms
    32 | D:2      | Reached XP level 2. HP: 26/26 MP: 2/2
    39 | D:2      | Noticed Natasha
    63 | D:2      | Killed Natasha
    64 | D:2      | Reached skill level 4 in Polearms
    64 | D:2      | Reached XP level 3. HP: 10/31 MP: 3/3
   290 | D:2      | Noticed Natasha
   300 | D:2      | Slain by Natasha

Illustrated notes

Levels and vault maps discovered:
D:1:      lightli_iron_boxes, layout_basic, shapermc_ecumenical_altar_pompeii
D:2:      minmay_recursive_quarters, layout_rooms, basic_altar, uniq_natasha,
          uniq_sigmund
D:3:      minmay_skewed_foursquare, layout_basic

Skill      XL: |  1  2 |
---------------+-------+-----
Polearms       | 3 4 |  4.7
Fighting       | |  3.6
Armour         | |  2.4
Dodging        | |  1.1
Invocations    | |  1.7

Action                   || total
-------------------------++-------
Melee: Spear             ||    43
       Headbutt          ||     4
       Unarmed           ||     3
Armor: Leather armour    ||    16
Dodge: Dodged            ||    17
Block: Buckler           ||     3
